 Dungeon Crawl Stone Soup version 0.31-a0-799-g6bc09d010c (webtiles) character file.

Game seed: 6829014070748589777

1181 randomguy2701 the Thaumaturge (level 8, -3/42 HPs)
             Began as a Deep Elf Conjurer on Sept 19, 2023.
             Slain by an ice beast (11 damage)
             ... on level 5 of the Dungeon.
             The game lasted 00:09:08 (4753 turns).

randomguy2701 the Thaumaturge (Deep Elf Conjurer)   Turns: 4753, Time: 00:09:09

Health: -3/42      AC:  2    Str:  4    XL:     8   Next: 19%
Magic:  15/23      EV: 18    Int: 26    God:
Gold:   233        SH:  0    Dex: 13    Spells: 22/25 levels left

rFire   . . .        (no weapon)
rCold   . . .        (no shield)
rNeg    . . .        a - +0 robe
rPois   .            (no helmet)
rElec   .            (no cloak)
rCorr   .            (no gloves)
SInv    .            (no boots)
Will    .....        (no amulet)
Stlth   ++           i - +5 ring of evasion
HPRegen 0.27/turn    (no ring)
MPRegen 0.18/turn

%: no passive effects
@: no status effects
A: no striking features
a: no special abilities


You were on level 5 of the Dungeon.
You visited 1 branch of the dungeon, and saw 5 of its levels.
You also visited: Sewer.

You collected 233 gold pieces.

Inventory:

Missiles
 x - 2 throwing nets
Armour
 a - a +0 robe (worn)
Jewellery
 g - a ring of resist corrosion
 i - a +5 ring of evasion (left hand)
 B - an amulet of magic regeneration
Scrolls
 c - a scroll of noise {unknown}
 d - a scroll of identify
 h - a scroll of acquirement {unknown}
 k - 2 scrolls of immolation
 m - 2 scrolls of revelation {unknown}
 q - 2 scrolls of amnesia {unknown}
 s - a scroll of blinking {unknown}
 t - a scroll of enchant weapon {unknown}
 u - 3 scrolls of enchant armour {unknown}
 v - 2 scrolls of teleportation {unknown}
 w - 3 scrolls of fear {unknown}
 y - a scroll of vulnerability {unknown}
Potions
 b - 2 potions of magic
 e - 4 potions of resistance
 f - 2 potions of cancellation {unknown}
 j - a potion of mutation {unknown}
 l - 3 potions of curing {unknown}
 n - 3 potions of heal wounds {unknown}
 o - 2 potions of brilliance {unknown}
 p - a potion of berserk rage {unknown}
 r - a potion of haste {unknown}
 z - a potion of enlightenment {unknown}
 A - 3 potions of ambrosia {unknown}


   Skills:
 + Level 0.8 Fighting
 + Level 4.1 Dodging
 + Level 3.7 Stealth
 + Level 9.0 Spellcasting
 + Level 8.1 Conjurations


You had 22 spell levels left.
You knew the following spells:

 Your Spells              Type           Power      Damage    Failure   Level
a - Magic Dart            Conj           100%       1d8       1%          1
b - Searing Ray           Conj           100%       2d8       1%          2

Your spell library contained the following spells:

 Spells                   Type           Power      Damage    Failure   Level
 Dazzling Flash           Conj/Hex       64%        N/A       2%          3
 Fulminant Prism          Conj/Hex       16%        3d11      10%         4
 Iskenderun's Mystic Bla  Conj/Tloc      32%        2d8       10%         4
 Passage of Golubria      Tloc           11%        N/A       45%         4
 Silence                  Hex/Air        5%         N/A       80%         5
 Lehudib's Crystal Spear  Conj/Erth      16%        10d5      100%        8


Dungeon Overview and Level Annotations

Branches:
Dungeon (5/15)              Sewer (visited)
 Temple: D:4-7

Altars:
Vehumet


Message History

The magic dart hits the ice beast but does no damage.
The ice beast closely misses you.
Casting: Magic Dart (safe; 1% risk of failure)
Confirm with . or Enter, or press ? or * to list all spells.
Aiming: Searing Ray (safe; 1% risk of failure)
Press: ? - help, Shift-Dir - straight line, f/p - ice beast
Aim: an ice beast (83% to hit)
The searing ray hits the ice beast.
The ice beast is lightly wounded. (Press . to maintain the ray.)
The ice beast hits you. The ice beast freezes you!
The searing ray hits the ice beast.
The ice beast is moderately wounded.
A bullfrog comes into view.
The ice beast hits you. The ice beast freezes you!
* * * LOW HITPOINT WARNING * * *
Unknown command.
The searing ray hits the ice beast.
The ice beast is heavily wounded.
The ice beast closely misses you.
The searing ray hits the ice beast.
The ice beast is severely wounded.
You finish channelling your searing ray.
The bullfrog croaks.
The ice beast misses you. The ice beast completely misses you.
Casting: Searing Ray (safe; 1% risk of failure)
Confirm with . or Enter, or press ? or * to list all spells.
Aiming: Searing Ray (safe; 1% risk of failure)
Press: ? - help, Shift-Dir - straight line, f/p - ice beast
Aim: an ice beast (severely wounded, 83% to hit)
The searing ray misses the ice beast. (Press . to maintain the ray.)
The ice beast barely misses you.
The searing ray hits the ice beast!
The ice beast is almost dead.
The ice beast hits you.
* * * LOW HITPOINT WARNING * * *
The ice beast freezes you!
You die...

### ####### #######
....#.....## #.....#
......†....###.....#
............##.....#
............##.....####
.............#@........
.............Y.........
.............#.<.......
.............#.........
....#........#.........
...#####....#.........
......####......
#.#(...# #.....
#.###### .....


You could see an ice beast.

Vanquished Creatures
  An ice beast (D:5)
  A black bear (D:5)
  An ogre (D:4)
  A phantom (D:4)
  2 bullfrogs (Sewer)
  4 scorpions
  A howler monkey (D:5)
  A sleepcap (D:4)
  Jessica (D:3)
  2 iguanas (D:5)
  2 orc wizards (D:5)
  12 adders
  4 gnolls (D:3)
  4 river rats (Sewer)
  A worm (D:2)
  2 dart slugs
  3 endoplasms
  4 giant cockroaches
  7 goblins
  13 hobgoblins
  6 jackals (D:1)
  6 quokkas
  11 ball pythons
  7 bats
  2 frilled lizards
  8 kobolds
  20 rats
127 creatures vanquished.

Notes
Turn   | Place    | Note
-------+----------+-------------------------------------------
     0 | D:1      | randomguy2701 the Deep Elf Conjurer began the quest for the
                  | Orb.
     0 | D:1      | Reached XP level 1. HP: 10/10 MP: 6/6
    80 | D:1      | Reached XP level 2. HP: 15/15 MP: 1/8
    85 | D:1      | Found a faded altar of an unknown god.
   251 | D:1      | Reached skill level 5 in Conjurations
   418 | D:1      | Reached XP level 3. HP: 19/19 MP: 1/9
  1147 | D:2      | Reached XP level 4. HP: 24/24 MP: 8/11
  1442 | D:2      | Learned a level 2 spell: Searing Ray
  1682 | D:3      | Found a glowing drain.
  1731 | D:3      | Noticed Jessica
  1733 | D:3      | Killed Jessica
  1734 | D:3      | Reached skill level 4 in Spellcasting
  1764 | Sewer    | Entered a sewer
  1948 | Sewer    | Reached XP level 5. HP: 28/28 MP: 7/14
  2006 | Sewer    | Reached skill level 5 in Spellcasting
  2386 | Sewer    | Reached skill level 6 in Spellcasting
  2386 | Sewer    | Reached XP level 6. HP: 12/32 MP: 3/17
  3303 | D:4      | Reached XP level 7. HP: 36/36 MP: 11/19
  3487 | D:4      | Reached skill level 7 in Spellcasting
  3823 | D:4      | Found a radiant altar of Vehumet.
  4453 | D:5      | Entered Level 5 of the Dungeon
  4498 | D:5      | Reached skill level 8 in Spellcasting
  4593 | D:5      | Reached XP level 8. HP: 42/42 MP: 15/22
  4690 | D:5      | Reached skill level 9 in Spellcasting
  4753 | D:5      | Slain by an ice beast

Illustrated notes

Levels and vault maps discovered:
D:1:      dreamdust_arrival_beginning_and_end, layout_rooms,
          ebering_ecumenical_altar_rust
D:2:      layout_basic, nrook_mini_vaults, grunt_decor_one_mirror
D:3:      layout_basic, portal_sewer_entry_d, kennysheep_generic_room_8,
          uniq_jessica
D:4:      layout_layer_cave, nicolae_vehumet_radiance, bh_walls_and_bars
D:5:      layout_rooms, xom_redecorated, minmay_temple_entry_water_ring,
          uniq_blork_the_orc

Skill      XL: |  1  2  3  4  5  6  7  8 |
---------------+-------------------------+-----
Conjurations   | 5 6 7 8 |  8.1
Dodging        | 3 4 |  4.1
Spellcasting   | 4 6 8 9 |  9.0
Stealth        | 3 |  3.7
Fighting       | |  0.8

Action                     |  1- 3 |  4- 6 |  7- 9 || total
---------------------------+-------+-------+-------++-------
  Melee: Unarmed           |     2 |       |       ||     2
   Cast: Magic Dart        |    70 |   110 |    66 ||   246
         Searing Ray       |       |     6 |    11 ||    17
    Use: Scroll            |       |       |     2 ||     2
 Armour: Robe              |     8 |    13 |     5 ||    26
  Dodge: Dodged            |     4 |    22 |    19 ||    45

Table legend: (Time is in decaauts)
 A = Elapsed time spent in this place.
 B = Non-inter-level travel time spent in this place.
 C = Inter-level travel time spent in this place.
 D = Time resting spent in this place.
 E = Time spent auto-exploring this place.
 F = Levels seen in this place.
 G = Mean time per level.
                   A        B        C        D        E       F      G
               +--------+--------+--------+--------+--------+-----+--------+
         Total |   4794 |   4632 |    162 |     34 |   3965 |   6 |  799.0 |
       Dungeon |   4025 |   3863 |    162 |     34 |   3304 |   5 |  805.0 |
         Sewer |    769 |    769 |      0 |      0 |    660 |   1 |  769.0 |
               +--------+--------+--------+--------+--------+-----+--------+

Top non-repeatable levels by time:
     D:4: 1453 daAuts
     D:3: 980 daAuts
     D:1: 877 daAuts
   Sewer: 769 daAuts
     D:2: 572 daAuts
     D:5: 141 daAuts
